Map: Temple gelé

Players

zidar

  • Race: Zerg Zerg
  • League: Platinum
  • Spawn Location: 5:00

berber - Winner!

  • Race: Terran Terran
  • League: Platinum
  • Spawn Location: 11:00

VOD

Have the link to the VOD?

Description

Time

  • Played on: Nov. 19, 2016, 3:46 p.m.
  • Length: 13:07
Show
View Real Time Build Order
Export as new Build Order

zidar Zerg 

Build Orders: Hatch First 

Get SALT Encoding   

  12  0:01  Drone  
  13  0:12  Overlord  
  13  0:17  Drone  
  14  0:30  Drone  
  14  0:31  Drone  
  16  0:51  Hatchery  
  16  0:54  Drone  
  16  0:58  Extractor  
  16  1:00  Drone  
  16  1:16  Spawning Pool  
  15  1:29  Drone x3  
  18  1:44  Drone  
  19  2:03  Zergling x4  
  21  2:26  Zergling x4  
  23  2:37  Zergling x2  
  21  3:05  Zergling x4  
  22  3:08  Queen  
  22  3:12  Queen  
  24  3:23  Roach Warren, Metabolic Boost  
  15  4:14  Drone x6  
  21  4:29  Drone x4  
  25  4:41  Drone x2  
  27  4:50  Overlord x2  
  27  5:11  Roach x6  
  27  5:12  Roach x2  
  43  5:18  Overlord  
  43  5:37  Ravager x3  
  43  5:42  Roach  
  48  5:43  Zergling x6  
  51  5:51  Overlord x2  
  51  6:02  Overlord  
  51  6:03  Overlord  
  51  6:04  Overlord  
  28  6:56  Roach x8, Zergling x2  
  28  6:57  Zergling x2  
  46  7:25  Ravager  
  46  7:29  Roach  
  50  7:30  Zergling x8  
  41  8:27  Extractor  
  40  8:35  Drone x10  
  40  8:40  Drone x9  
  59  8:57  Roach  
  59  8:58  Roach x2  
  59  9:00  Ravager  
  59  9:01  Ravager  
  67  9:09  Roach x2  
  71  9:16  Extractor, Drone x4  
  74  9:21  Overlord  
  74  9:25  Ravager  
  73  9:49  Queen  
  75  10:03  Roach x4  
  75  10:06  Overlord x2  
  75  10:07  Overlord x2  
  83  10:14  Ravager  
  77  11:14  Roach x4  
  77  11:15  Roach x9  
  103  11:31  Ravager  
  105  11:32  Ravager  
  105  11:35  Roach x3  
  112  11:54  Ravager  
  93  12:37  Roach x3  
Show
View Real Time Build Order
Export as new Build Order

berber Terran - Winner!

Build Orders:  

Get SALT Encoding   

  12  0:00  SCV  
  13  0:13  SCV  
  14  0:19  Supply Depot  
  14  0:25  SCV  
  15  0:40  SCV  
  16  0:46  Barracks  
  16  0:52  Refinery  
  16  0:53  SCV  
  17  1:05  SCV  
  18  1:17  SCV  
  19  1:29  SCV  
  20  1:35  Reaper  
  21  1:42  Bunker  
  21  1:54  Command Center  
  21  2:01  SCV  
  22  2:15  SCV  
  22  2:26  Reaper  
  23  2:32  Supply Depot  
  23  2:41  Barracks  
  23  2:43  Barracks  
  23  2:53  SCV  
  22  3:13  Marine  
  22  3:18  Refinery  
  22  3:19  Orbital Command x2  
  21  4:11  Barracks Tech Lab  
  21  4:12  Barracks Tech Lab, Barracks Reactor  
  21  4:13  Bunker  
  21  4:21  SCV x2  
  23  4:28  Factory  
  23  4:29  Factory  
  23  4:31  Refinery  
  23  4:33  Combat Shield  
  23  4:37  Marine  
  23  4:38  Marine, Stimpack  
  25  4:40  SCV x2  
  27  4:49  Marine x2  
  29  4:58  Marine x2  
  29  4:59  SCV  
  33  5:00  SCV  
  33  5:01  Bunker  
  33  5:07  Marine  
  33  5:09  Marine, Refinery  
  33  5:11  SCV  
  33  5:12  SCV  
  33  5:13  Factory Tech Lab x2  
  37  5:16  Marine  
  37  5:19  Starport  
  38  5:23  Starport  
  38  5:26  SCV  
  38  5:28  SCV  
  40  5:37  Marine  
  40  5:38  Marine x3  
  46  5:49  Widow Mine  
  47  6:02  Widow Mine  
  47  6:05  SCV x2, Engineering Bay  
  47  6:09  Medivac x2  
  53  6:17  Marine x3  
  53  6:18  Marine  
  45  6:50  Marine x4  
  45  6:54  Siege Tank x2  
  54  7:01  Medivac x2  
  58  7:08  Marine  
  58  7:09  Marine x3  
  62  7:18  Bunker  
  62  7:19  Bunker  
  62  7:41  Marine  
  62  7:43  Marine x2  
  62  7:44  Marine  
  62  8:03  Marine  
  62  8:13  Supply Depot  
  62  8:14  Supply Depot  
  62  8:16  Marine x2  
  62  8:18  Liberator x2  
  62  8:22  Missile Turret  
  62  8:32  Missile Turret  
  62  8:35  Marine x4, SCV x2, Siege Tank  
  77  8:47  SCV  
  78  9:57  Supply Depot  
  78  9:58  Supply Depot  
  78  9:59  Liberator, Supply Depot  
  78  10:06  Engineering Bay x2  
  78  10:08  Supply Depot  
  78  10:09  Supply Depot  
  78  10:10  Supply Depot  
  78  10:11  Command Center  
  78  10:16  Marine x4, SCV x2, Siege Tank x2  
  93  10:25  Missile Turret  
  93  10:28  SCV x2  
  93  10:34  Marine x4  
  99  10:41  Liberator, SCV  
  99  10:42  Liberator  
  100  10:49  Siege Tank  
  103  10:52  Marine  
  103  10:56  Marine x2  
  103  10:57  Marine  
  110  11:10  Marine  
  108  11:14  Marine x3  
  111  11:21  Missile Turret, SCV x2  
  111  11:24  Liberator  
  113  11:27  Marine  
  113  11:32  Marine  
  115  11:33  SCV x2  
  117  11:45  SCV x2  
  123  11:49  Refinery  
  123  11:50  Planetary Fortress  
  123  11:51  Refinery  
  122  11:57  SCV x2  
  122  12:01  Hi-Sec Auto Tracking  
  118  12:14  Marine x2  
  120  12:44  Marine x4  
Tags
 
Add a new tag
Caveats
  • Supply blocks, unpowered buildings, or Contaminate may cause inaccurate times.
  • Supply counts are checked every 10 seconds.